 Dungeon Crawl Stone Soup version 0.23.2-33-g5129a83 (webtiles) character file.

Game seed: 11327818652584243710

151 frightnen the Stinger (level 5, -1/28 HPs)
             Began as a Tengu Venom Mage on Aug 9, 2019.
             Killed from afar by a white imp (11 damage)
             ... with a puff of frost
             ... summoned by Natasha
             ... on level 2 of the Dungeon.
             The game lasted 00:15:48 (1904 turns).

frightnen the Stinger (Tengu Venom Mage)            Turns: 1904, Time: 00:15:49

Health: -1/28      AC:  3    Str:  8    XL:     5   Next: 33%
Magic:  7/10       EV: 13    Int: 17    God:
Gold:   61         SH:  0    Dex: 14    Spells: 5/9 levels left

rFire    . . .     SeeInvis .   b - +1 spear (flame)
rCold    . . .     Gourm    .   (no shield)
rNeg     . . .     Faith    .   a - +1 robe
rPois    .         Spirit   .   (helmet restricted)
rElec    .         Reflect  .   (no cloak)
rCorr    .         Harm     .   (no gloves)
MR       .....                  (boots unavailable)
Stlth    ++........             (no amulet)
HPRegen  0.09/turn              (no ring)
MPRegen  0.12/turn              (no ring)

@: no status effects
A: beak, talons 3, able to fly
a: Fly


You were on level 2 of the Dungeon.
You were not hungry.

You visited 1 branch of the dungeon, and saw 2 of its levels.

You collected 61 gold pieces.

Inventory:

Hand Weapons
 b - a +1 spear of flaming (weapon)
Armour
 a - a +1 robe (worn)
 j - a +0 leather armour
Scrolls
 f - a scroll of enchant armour
Potions
 d - a potion of agility
Comestibles
 c - 4 rations
 g - 3 chunks of flesh


   Skills:
 + Level 2.8 Dodging
 + Level 2.3 Stealth
 + Level 0.2 Unarmed Combat
 + Level 2.8 Spellcasting
 + Level 3.1 Conjurations
 + Level 0.2 Air Magic
 * Level 4.2 Poison Magic


You had 5 spell levels left.
You knew the following spells:

 Your Spells              Type           Power        Failure   Level  Hunger
a - Sting                 Conj/Pois      ###.         3%          1    #......
b - Mephitic Cloud        Conj/Pois/Air  ##......     19%         3    ###....

Your spell library contained the following spells:

 Spells                   Type           Power        Failure   Level  Hunger
 Poisonous Vapours        Pois/Air       ##....       11%         2    ##.....
 Olgreb's Toxic Radiance  Pois           ###.....     30%         4    #####..
 Venom Bolt               Conj/Pois      ###.......   71%         5    ######.


Dungeon Overview and Level Annotations

Branches:
Dungeon (2/15)

Altars:

Annotations:
D:2 Natasha


Innate Abilities, Weirdness & Mutations

You have a beak for a mouth.
You have claws for feet.
You can fly continuously.


Message History

Aim: a goblin (heavily wounded, poisoned)
The sting misses the goblin.
You kill the goblin!
Natasha, Servant of Life and Death comes into view.
Casting: Sting (safe; 3% risk of failure)
Confirm with . or Enter, or press ? or * to list all spells.
Aiming: Mephitic Cloud (safe; 19% risk of failure)
Press: ? - help, Shift-Dir - straight line The ball explodes into a vile cloud!
The stinking cloud engulfs the worm but does no damage.
The stinking cloud engulfs Natasha but does no damage.
The worm is engulfed in noxious fumes.
The worm appears confused.
Natasha is engulfed in noxious fumes.
Natasha appears confused.
Natasha is engulfed in noxious fumes.
Natasha appears confused.
Natasha drinks a potion.
Natasha is healed!
Natasha seems less confused.
The worm is engulfed in noxious fumes.
The worm appears confused.
Natasha casts a spell.
Natasha casts a spell.
The white imp gestures at you. The puff of frost hits you!
You die...

#.# #.# #.# #†#
#.# #5# #.# #5#
### #.#
########.# #..
#.# #......#.#
#..
#.###.5.5..#.#
#..
##.#...wh.....#
#..
#.@..#......###
#..
#....#.......
#..
#....#.......
#..
##.#.#.......
###
#.#.........
#.#..#######
#.#..# .....#


You could see a worm (confused), Natasha, a white imp and a shadow imp.

Vanquished Creatures
  Natasha (twice) (D:2)
  4 gnolls
  An adder (D:2)
  An ooze (D:1)
  A dart slug (D:1)
  A leopard gecko (D:1)
  A giant cockroach (D:1)
  10 goblins
  5 hobgoblins
  3 jackals (D:1)
  4 kobolds
  A quokka (D:2)
  5 bats
  4 frilled lizards
  6 rats
49 creatures vanquished.

Notes
Turn   | Place    | Note
-------+----------+-------------------------------------------
     0 | D:1      | frightnen the Tengu Venom Mage began the quest for the Orb.
     0 | D:1      | Reached XP level 1. HP: 10/10 MP: 4/4
    94 | D:1      | Reached XP level 2. HP: 15/15 MP: 4/6
   550 | D:1      | Reached XP level 3. HP: 19/19 MP: 0/7
  1066 | D:1      | Reached XP level 4. HP: 17/24 MP: 2/8
  1433 | D:2      | Learned a level 3 spell: Mephitic Cloud
  1717 | D:2      | Noticed Natasha
  1751 | D:2      | HP: 1/24 [Natasha/magic dart (8)]
  1756 | D:2      | Killed Natasha
  1756 | D:2      | Reached skill level 4 in Poison Magic
  1756 | D:2      | Gained mutation: You can fly continuously. [Tengu growth]
  1756 | D:2      | Reached XP level 5. HP: 8/28 MP: 4/10
  1790 | D:2      | Noticed Natasha
  1809 | D:2      | HP: 1/28 [Natasha (4)]
  1823 | D:2      | Killed Natasha
  1898 | D:2      | Noticed Natasha
  1904 | D:2      | Killed from afar by a white imp

Skill      XL: |  1  2  3  4  5 |
---------------+----------------+-----
Conjurations   | 2 3 |  3.1
Poison Magic   | 4 |  4.2
Dodging        | |  2.8
Stealth        | |  2.3
Unarmed Combat | |  0.2
Spellcasting   | |  2.8
Air Magic      | |  0.2

Action                   |  1- 3 |  4- 6 || total
-------------------------+-------+-------++-------
Melee: Unarmed           |    22 |       ||    22
       Kick              |     8 |       ||     8
       Peck              |     2 |       ||     2
       Spear             |       |     2 ||     2
 Cast: Sting             |    56 |    51 ||   107
       Mephitic Cloud    |       |     2 ||     2
  Use: Scroll            |     4 |       ||     4
       Potion            |       |     2 ||     2
  Eat: Ration            |     1 |       ||     1
       Chunk             |       |     1 ||     1
Armor: Robe              |     4 |    11 ||    15
Dodge: Dodged            |    25 |    37 ||    62
